 Dungeon Crawl Stone Soup version 0.20.1-1-g8b1a95d (webtiles) character file.

128 pstr the Conjurer (level 5, -3/28 HPs)
             Began as a Kobold Conjurer on Nov 19, 2017.
             Killed from afar by Natasha (5 damage)
             ... with a magic dart
             ... on level 2 of the Dungeon.
             The game lasted 00:05:57 (2698 turns).

pstr the Conjurer (Kobold Conjurer)                 Turns: 2698, Time: 00:05:57

Health: -3/28      AC:  4    Str:  6    XL:     5   Next: 33%
Magic:  7/9        EV: 16    Int: 20    God:
Gold:   77         SH:  6    Dex: 15    Spells: 7/10 levels left

rFire    . . .     SeeInvis .   m - staff of poison
rCold    . . .     Gourm    .   (shield currently unavailable)
rNeg     . . .     Faith    .   h - +2 robe
rPois    +         Spirit   .   (no helmet)
rElec    .         Reflect  +   (no cloak)
rCorr    .         Harm     .   (no gloves)
MR       .....                  (no boots)
Stlth    ++........             d - +6 amulet of reflection
Regen    0.1/turn               p - +3 ring of intelligence
MPRegen  0.2/turn               (no ring)

@: no status effects
A: carnivore 3, mutation resistance 1, poison resistance
a: no special abilities


You were on level 2 of the Dungeon.
You were completely stuffed.

You visited 1 branch of the dungeon, and saw 2 of its levels.

You collected 77 gold pieces.

Inventory:

Missiles
 i - 59 stones (quivered)
Armour
 a - a +0 robe
 f - a +0 leather armour
 h - a +2 robe (worn)
 l - a +0 ring mail
Magical Staves
 m - an uncursed staff of poison (weapon)
Jewellery
 d - a +6 amulet of reflection (around neck)
 j - an uncursed amulet of regeneration {unknown}
 p - a +3 ring of intelligence (left hand)
Scrolls
 e - a scroll of noise {unknown}
 g - 4 scrolls of remove curse {unknown}
 k - a scroll of amnesia {unknown}
 o - a scroll of enchant armour {unknown}
Books
 b - a book of Conjurations

   Spells                             Type                      Level
   a - Magic Dart                     Conjuration                  1
   b - Searing Ray                    Conjuration                  2
   c - Dazzling Spray                 Conjuration/Hexes            3
   d - Fulminant Prism                Conjuration/Hexes            4
   e - Force Lance                    Conjuration/Translocation    4
   f - Iskenderun's Mystic Blast      Conjuration                  4
Comestibles
 c - 2 meat rations
 n - a chunk of flesh


   Skills:
 + Level 3.1 Dodging
 + Level 3.4 Stealth
 + Level 0.2 Unarmed Combat
 + Level 3.0 Spellcasting
 + Level 5.3 Conjurations


You had 7 spell levels left.
You knew the following spells:

 Your Spells              Type           Power        Failure   Level  Hunger
a - Magic Dart            Conj           ###.         1%          1    None
b - Searing Ray           Conj           ###...       2%          2    ##.....


Dungeon Overview and Level Annotations

Branches:
Dungeon (2/15)

Altars:
Okawaru
Ru

Annotations:
D:1 Terence
D:2 Natasha


Innate Abilities, Weirdness & Mutations

You are small and have problems with some larger weapons.
You are carnivorous and can eat meat at any time.
You are somewhat resistant to further mutation.
Your system is resistant to poisons. (rPois)


Message History

You hit Natasha.
Natasha is moderately wounded.
Natasha misses you.
The crimson imp shouts, "Go and return not, thou pottle-deep dizzy-eyed codpiece!"
You block the crimson imp's attack. Natasha misses you.
You block the crimson imp's attack.
Casting: Searing Ray
Confirm with . or Enter, or press ? or * to list all spells.
Aiming: Searing Ray
Press: ? - help, Shift-Dir - straight line, f - Natasha
Aim: Natasha (moderately wounded)
The searing ray hits Natasha.
Natasha is moderately wounded. (Press . to maintain the ray.)
You feel yourself speed up. You block Natasha's attack.
The crimson imp hits you.
* * * LOW HITPOINT WARNING * * *
Natasha stares at you and mumbles some strange words.
The magic dart hits you!
You die...

..................#########.##..#
...###'###....g.###########.#....
%..# #.# #....................#..
...###.###....................#..
#..+.._..'....................#..
#..#######....................##.
#..# ### #.......................
#..#######...................####
#.......).......@h...........# #
..#####.........5............# #
.######......................#
........#####.##.............#
#######.# #.#############'## #.#
#.# #.# #.# #.# #.##### #.# #.#
#...... #.# #.# #######


You could see Natasha, a crimson imp and a hobgoblin (wandering).

Vanquished Creatures
  Jessica (D:2)
  Natasha (twice) (D:2)
  An adder (D:2)
  An ooze (D:2)
  A worm (D:2)
  A dart slug (D:2)
  A ball python (D:1)
  8 bats
  2 giant cockroaches
  A goblin (D:1)
  4 hobgoblins
  4 frilled lizards (D:2)
  6 kobolds
  6 rats
39 creatures vanquished.

Notes
Turn   | Place    | Note
-------+----------+-------------------------------------------
     0 | D:1      | pstr the Kobold Conjurer began the quest for the Orb.
     0 | D:1      | Reached XP level 1. HP: 10/10 MP: 3/3
   203 | D:1      | Reached XP level 2. HP: 15/15 MP: 0/5
   260 | D:1      | Learned a level 2 spell: Searing Ray
   985 | D:2      | Noticed Terence
  1012 | D:1      | Gained mutation: Your system is resistant to poisons. (rPois) [potion of mutation]
  1012 | D:1      | Gained mutation: You are somewhat resistant to further mutation. [potion of mutation]
  1233 | D:2      | Found an iron altar of Okawaru.
  1240 | D:2      | Reached XP level 3. HP: 19/19 MP: 1/6
  1369 | D:2      | Noticed Jessica
  1373 | D:2      | Killed Jessica
  1373 | D:2      | Reached XP level 4. HP: 24/24 MP: 2/7
  1531 | D:2      | Found a sacrificial altar of Ru.
  2048 | D:2      | Reached skill level 5 in Conjurations
  2145 | D:2      | Noticed Natasha
  2162 | D:2      | Killed Natasha
  2176 | D:2      | Reached XP level 5. HP: 17/28 MP: 0/9
  2429 | D:2      | Noticed Natasha
  2432 | D:2      | Killed Natasha
  2684 | D:2      | Noticed Natasha
  2698 | D:2      | Killed from afar by Natasha

Skill      XL: |  1  2  3  4  5 |
---------------+----------------+-----
Stealth        | 3 |  3.4
Conjurations   | 5 |  5.3
Dodging        | 3 |  3.1
Spellcasting   | 3 |  3.0
Unarmed Combat | |  0.2

Action                   |  1- 3 |  4- 6 || total
-------------------------+-------+-------++-------
Melee: Unarmed           |     7 |       ||     7
       Staff             |       |    38 ||    38
 Cast: Magic Dart        |    35 |    25 ||    60
       Searing Ray       |     3 |    12 ||    15
  Use: Potion            |     1 |       ||     1
  Eat: Chunk             |     9 |     6 ||    15
Armor: Robe              |     8 |     1 ||     9
Dodge: Dodged            |    36 |    23 ||    59
Block: Other             |    14 |    14 ||    28
